 Dungeon Crawl Stone Soup version 0.29.1-12-g30fa7ad0bf (webtiles) character file.

Game seed: 14665674816465692071

9300 ValidDread the Cleaver (level 11, -6/100 HPs)
             Began as a Minotaur Fighter on Dec 29, 2022.
             Was a High Priest of Okawaru.
             Mangled by a boulder beetle (14 damage)
             ... on level 9 of the Dungeon.
             The game lasted 00:19:38 (10962 turns).

ValidDread the Cleaver (Minotaur Fighter)          Turns: 10962, Time: 00:19:38

Health: -6/100     AC: 17    Str: 25    XL:     11   Next: 21%
Magic:  10/10      EV:  7    Int:  5    God:    Okawaru [*****.]
Gold:   555        SH:  6    Dex: 10    Spells: 10/10 levels left

rFire   . . .      SeeInvis .   P - +0 broad axe
rCold   . . .      Faith    .   c - +0 buckler
rNeg    + . .      Spirit   .   o - +0 plate armour
rPois   .          Reflect  .   (helmet restricted)
rElec   .          Harm     .   (no cloak)
rCorr   .          Rampage  .   n - +0 pair of gloves
Will    .....                   w - +0 pair of boots
Stlth   ..........              h - amulet of magic regeneration
HPRegen 0.26/turn               t - ring of wizardry
MPRegen 0.52/turn               L - ring of positive energy

@: studying Stealth
A: horns 2, retaliatory headbutt
a: Renounce Religion, Heroism, Finesse, Duel


You were on level 9 of the Dungeon.
You worshipped Okawaru.
Okawaru was extremely pleased with you.
You visited 2 branches of the dungeon, and saw 10 of its levels.

You collected 555 gold pieces.

Inventory:

Hand Weapons
 N - a +0 spear of flaming
 O - the +8 flail "Hydraslayer" {pain, rC+ Str+4}
   (You found it on level 8 of the Dungeon)

   In the hands of one skilled in necromantic magic, it inflicts extra damage on
   living creatures.
   Str:       It affects your strength (+4).
   rC:        It protects you from cold.
 P - a +0 broad axe (weapon)
Missiles
 v - 22 poisoned darts (quivered)
 G - 2 boomerangs
 H - 3 curare-tipped darts
Armour
 c - a +0 buckler (worn)
 n - a +0 pair of gloves (worn)
 o - a +0 plate armour (worn)
 w - a +0 pair of boots (worn)
Jewellery
 h - an amulet of magic regeneration (around neck)
 t - a ring of wizardry (left hand)
 x - a ring of fire
 L - a ring of positive energy (right hand)
Wands
 l - a wand of polymorph (5)
 E - a wand of iceblast (4)
 J - a wand of paralysis (6)
 Q - a wand of flame (15)
Scrolls
 i - a scroll of identify
 j - 2 scrolls of butterflies {unknown}
 p - 2 scrolls of vulnerability {unknown}
 s - 4 scrolls of enchant weapon
 u - a scroll of noise {unknown}
 y - 3 scrolls of teleportation
 A - 2 scrolls of immolation {unknown}
 B - a scroll of enchant armour {unknown}
 D - 2 scrolls of magic mapping {unknown}
 K - a scroll of blinking {unknown}
 M - a scroll of poison {unknown}
Potions
 b - 4 potions of flight
 d - 2 potions of might
 e - 2 potions of curing
 f - 4 potions of heal wounds
 g - 2 potions of lignification {unknown}
 k - 3 potions of mutation
 m - 2 potions of resistance {unknown}
 q - 2 potions of ambrosia {unknown}
 r - a potion of degeneration {unknown}
 z - a potion of magic {unknown}
 C - a potion of invisibility {unknown}
 F - a potion of haste
 I - a potion of attraction {unknown}
Miscellaneous
 a - a tin of tremorstones (2/2)


   Skills:
 + Level 10.2 Fighting
 * Level 13.4 Axes
 + Level 10.1 Armour
 + Level 10.1 Shields


You had 10 spell levels left.
You didn't know any spells.
Your spell library contained the following spells:

 Spells                   Type           Power      Damage    Failure   Level
 Corpse Rot               Necr/Pois/Air  0%         N/A       100%        4
 Dispel Undead            Necr           0%         3d6       100%        4
 Iskenderun's Battlesphe  Conj           0%         2d6       100%        5
 Iron Shot                Conj/Erth      0%         9d1       100%        6
 Death Channel            Necr           Unusable   N/A       N/A         6
 Spellforged Servitor     Conj/Summ      Unusable   N/A       N/A         7

Dungeon Overview and Level Annotations

Branches:
Dungeon (9/15)             Temple (1/1) D:5
   Lair: D:8-11         Orc: D:9-12

Altars:
Ashenzari
Cheibriados
Dithmenos
Elyvilon
Fedhas
Gozag
Hepliaklqana
Kikubaaqudgha
Makhleb
Nemelex Xobeh
Okawaru
Ru
Sif Muna
Trog
Uskayaw
Vehumet
Wu Jian
Xom
Yredelemnul
Zin
The Shining One

Annotations:
D:5 2 transporters, TrebMcFLY's ghost, novice DECj


Innate Abilities, Weirdness & Mutations

You have a pair of horns on your head.
You reflexively headbutt those who attack you in melee.


Message History

Throw: 24 darts (poison)
Press: ? - help, Q - select action, (/) - cycle Shift-Dir - straight line, f - boulder beetle
Aim: a boulder beetle (moderately wounded, 90% to hit)
You throw a poisoned dart.
The poisoned dart hits the boulder beetle.
The boulder beetle is poisoned.
The boulder beetle is moderately wounded.
The boulder beetle curls into a ball and begins rolling!
You feel better. The boulder beetle barely misses you.
The boulder beetle stops rolling and uncurls.
You hit the boulder beetle but do no damage.
You headbutt the boulder beetle, but do no damage.
The boulder beetle is moderately wounded.
The boulder beetle bites you!!
* * * LOW HITPOINT WARNING * * *
You barely miss the boulder beetle.
The boulder beetle is heavily wounded.
The boulder beetle bites you but does no damage.
You hit the boulder beetle but do no damage.
The boulder beetle is heavily wounded.
The boulder beetle bites you but does no damage.
You feel better.
The boulder beetle bites you but does no damage.
You hit the boulder beetle.
The boulder beetle is heavily wounded.
The boulder beetle bites you but does no damage.
You completely miss the boulder beetle.
You headbutt the boulder beetle, but do no damage.
The boulder beetle is heavily wounded.
The boulder beetle bites you!
* * * LOW HITPOINT WARNING * * *
Throw: 23 darts (poison)
Press: ? - help, Q - select action, (/) - cycle Shift-Dir - straight line, f/p - boulder beetle
Aim: a boulder beetle (heavily wounded, poisoned, 90% to hit)
You throw a poisoned dart.
The poisoned dart hits the boulder beetle.
The boulder beetle looks even sicker.
The boulder beetle is heavily wounded.
The boulder beetle bites you!
You die...

#...#...#
...+.9.#...#
...#.9.#...#
##'#######)##
#...#..}#.÷.#
#...#.).'...#
.(.#[..#...#
##B#######'##
#)@)#...#...#
#..†'...'...#
#...#...#...#
#############


You could see a boulder beetle (very poisoned).

Vanquished Creatures
  2 hydras (D:9)
  A boulder beetle (D:9)
  A centaur warrior (D:9)
  2 manticores (D:9)
  A gargoyle (D:9)
  Grinder (D:3)
  Prince Ribbit (D:8)
  Sigmund (D:3)
  12 yaks
  A wraith (D:9)
  2 wyverns
  3 steam dragons
  5 water moccasins
  An orc warrior (D:7)
  An ice beast (D:7)
  4 black bears
  An ogre (D:7)
  2 centaurs (D:8)
  3 kobold brigands
  3 bullfrogs
  A gnoll sergeant (D:8)
  3 scorpions
  4 wights
  A gnoll bouda (D:9)
  2 jellies
  A hound (D:4)
  An orc priest (D:8)
  5 iguanas
  4 orc wizards
  Ijyb (D:5)
  8 gnolls
  9 adders
  A shadow imp (D:7)
  A white imp (D:5)
  2 ufetubi
  2 worms
  2 dart slugs (D:4)
  16 orcs
  5 bats
  5 endoplasms (D:1)
  2 giant cockroaches
  6 goblins
  9 hobgoblins
  7 jackals
  12 kobolds
  3 quokkas
  7 ball pythons
  3 frilled lizards (D:1)
  14 rats
  A bush (D:8)
186 creatures vanquished.

Vanquished Creatures (others)
  3 plants (D:3)
3 creatures vanquished.

Grand Total: 189 creatures vanquished

Notes
Turn   | Place    | Note
-------+----------+-------------------------------------------
     0 | D:1      | ValidDread the Minotaur Fighter began the quest for the
                  | Orb.
     0 | D:1      | Reached XP level 1. HP: 19/19 MP: 0/0
     1 | D:1      | Noticed a vampire
    11 | D:1      | Noticed a troll
    15 | D:1      | Noticed a ghoul
    17 | D:1      | Noticed a merfolk zombie
    17 | D:1      | Noticed a minotaur skeleton
   188 | D:1      | Reached XP level 2. HP: 26/27 MP: 1/1
   390 | D:1      | Reached skill level 3 in Axes
  1005 | D:2      | Reached XP level 3. HP: 32/33 MP: 2/2
  2160 | D:3      | Reached XP level 4. HP: 37/40 MP: 3/3
  2204 | D:3      | Found a sacrificial altar of Ru.
  2219 | D:3      | Noticed Sigmund
  2232 | D:3      | Killed Sigmund
  2233 | D:3      | Reached skill level 4 in Axes
  2233 | D:3      | Reached XP level 5. HP: 28/47 MP: 4/4
  2449 | D:3      | Reached skill level 5 in Axes
  2566 | D:3      | Found a hazy altar of Hepliaklqana.
  2803 | D:3      | Noticed Grinder
  2812 | D:3      | Paralysed by Grinder for 3 turns
  2815 | D:3      | Killed Grinder
  2816 | D:3      | Reached skill level 5 in Fighting
  2816 | D:3      | Reached skill level 5 in Armour
  2816 | D:3      | Reached skill level 5 in Shields
  2816 | D:3      | Reached XP level 6. HP: 32/56 MP: 5/5
  3174 | D:3      | Reached skill level 6 in Axes
  3174 | D:3      | Reached XP level 7. HP: 57/61 MP: 6/6
  3749 | D:5      | Entered Level 5 of the Dungeon
  3787 | D:5      | Found a transporter.
  3788 | D:5      | Found a transporter.
  3788 | D:5      | Noticed TrebMcFLY's ghost (novice DECj)
  3895 | D:5      | Noticed Ijyb
  3912 | D:5      | Killed Ijyb
  3993 | D:5      | Reached skill level 7 in Axes
  4078 | D:5      | Found a staircase to the Ecumenical Temple.
  4095 | D:5      | Reached XP level 8. HP: 32/70 MP: 7/7
  4096 | Temple   | Entered the Ecumenical Temple
  4096 | Temple   | Found a transporter.
  4096 | Temple   | Found a transporter.
  4098 | Temple   | Found a transporter.
  4098 | Temple   | Found a transporter.
  4415 | Temple   | Became a worshipper of Warmaster Okawaru
  5255 | D:6      | Reached skill level 8 in Axes
  5907 | D:6      | Reached * piety under Okawaru
  6037 | D:6      | Reached skill level 9 in Axes
  6526 | D:7      | Reached XP level 9. HP: 79/79 MP: 8/8
  6575 | D:7      | HP: 3/79 [steam dragon/ball of steam (13)]
  7363 | D:7      | Found an opulent altar of Gozag.
  7412 | D:7      | Found a glowing golden altar of the Shining One.
  7574 | D:7      | Reached skill level 10 in Axes
  7576 | D:7      | Reached ** piety under Okawaru
  8543 | D:8      | Identified the +8 flail "Hydraslayer" {pain, rC+ Str+4}
  8643 | D:8      | Reached skill level 11 in Axes
  8782 | D:8      | Reached XP level 10. HP: 87/90 MP: 9/9
  9084 | D:8      | Identified the +0 ring mail of Disguise {Rampage rElec}
  9156 | D:8      | Noticed Prince Ribbit
  9168 | D:8      | Killed Prince Ribbit
  9168 | D:8      | Reached *** piety under Okawaru
  9924 | D:9      | Reached skill level 12 in Axes
  9930 | D:9      | Reached **** piety under Okawaru
 10059 | D:9      | Noticed a boulder beetle
 10087 | D:9      | Killed a boulder beetle
 10301 | D:9      | Noticed a six-headed hydra
 10308 | D:9      | Killed a six-headed hydra
 10588 | D:9      | Noticed a centaur warrior
 10590 | D:9      | Noticed a gargoyle
 10593 | D:9      | Killed a centaur warrior
 10593 | D:9      | Reached ***** piety under Okawaru
 10663 | D:9      | Noticed a seven-headed hydra
 10668 | D:9      | Killed a seven-headed hydra
 10669 | D:9      | Reached skill level 13 in Axes
 10669 | D:9      | Reached XP level 11. HP: 87/99 MP: 8/10
 10680 | D:9      | Reached skill level 10 in Fighting
 10680 | D:9      | Reached skill level 10 in Armour
 10680 | D:9      | Reached skill level 10 in Shields
 10905 | D:9      | Noticed a boulder beetle
 10956 | D:9      | HP: 5/100 [boulder beetle (20)]
 10962 | D:9      | Mangled by a boulder beetle

Illustrated notes

Levels and vault maps discovered:
D:1:      shiori_arrival_whats_in_store_for_you, layout_loops_corners
D:2:      layout_basic, minmay_rat_gold_closets
D:3:      layout_loops_ring, lemuel_round_altar,
          nicolae_ru_sacrificial_ziggurat, serial_forest,
          infiniplex_forest_lined_2, infiniplex_forest_clump_diagonal,
          infiniplex_forest_lined_4_way, infiniplex_forest_corner_1,
          infiniplex_forest_lined_room_2, infiniplex_forest_clump_long,
          nrook_uturn, uniq_grinder, uniq_sigmund
D:4:      layout_basic
D:5:      layout_rooms, minmay_temple_entry_tees, gammafunk_ghost_smash,
          uniq_ijyb
D:6:      layout_basic, minmay_misc_feat_secret_circle
D:7:      layout_rooms, mainiacjoe_overflow_large_starburst, amethyst_killhole
D:8:      layout_cave_pools, serial_co_window_serial, co_window_paths_a,
          co_window_corner_a, co_window_paths_b, co_window_paths_a,
          co_window_corner_a, co_window_corner_a, co_window_corner_b,
          co_window_of_opportunity_b, co_window_2corner, co_window_broadway_b,
          co_window_corner_b, co_window_broadway_b, glass_columns_b,
          glass_columns_a, glass_columns_a, glass_columns_b, glass_columns_b,
          minmay_liquid_box, kb_lookout_dungeons_type, minivault_26,
          uniq_prince_ribbit1
D:9:      layout_loops_cross, nicolae_qazlal_general_emergency, minmay_evil_grid
Temple:   hellmonk_temple_divided_pantheon

Skill      XL: |  1  2  3  4  5  6  7  8  9 10 11 |
---------------+----------------------------------+-----
Axes           | 3 4 5 6 7 9 11 13 | 13.4
Fighting       | 4 5 6 7 8 9 10 | 10.2
Shields        | 4 5 6 7 8 9 10 | 10.1
Armour         | 4 5 6 7 8 9 10 | 10.1

Action                   |  1- 3 |  4- 6 |  7- 9 | 10-12 || total
-------------------------+-------+-------+-------+-------++-------
Melee: War axe           |   109 |    55 |   308 |   104 ||   576
       Headbutt          |    11 |     7 |    61 |    48 ||   127
       Flail             |       |       |       |    41 ||    41
       Broad axe         |       |       |       |    25 ||    25
Throw: Dart              |       |     3 |     4 |     6 ||    13
Invok: Heroism           |       |       |       |     5 ||     5
  Use: Scroll            |       |       |       |     6 ||     6
       Potion            |       |       |       |     4 ||     4
Armor: Scale mail        |    29 |       |       |       ||    29
       Plate armour      |    31 |    24 |   197 |   117 ||   369
Dodge: Dodged            |    41 |     7 |    94 |    65 ||   207
Block: Buckler           |    22 |     7 |    91 |    64 ||   184
